 Dungeon Crawl Stone Soup version 0.14-a0-788-g14b720c (webtiles) character file.

1585 Malachi the Cleaver (level 8, -1/60 HPs)
             Began as a Mummy Fighter on Nov 10, 2013.
             Was a Follower of Okawaru.
             Slain by an orc warrior
             ... wielding a +0,+1 orcish hand axe
              (9 damage)
             ... on Level 7 of the Dungeon.
             The game lasted 00:17:10 (5314 turns).

Malachi the Cleaver (Mummy Fighter)                 Turns: 5314, Time: 00:17:10

HP  -1/60        AC 13     Str 21      XL: 8   Next: 39%
MP   7/7         EV  3     Int  7      God: Okawaru [*.....]
Gold 206         SH 18     Dex 11      Spells:  0 memorised,  7 levels left

Res.Fire  : x . .   See Invis. : .   e - +5,+4 dwarf hand axe
Res.Cold  : + . .   Warding    : .   q - +1 plate armour
Life Prot.: + + +   Conserve   : +   v - +0 orc shield
Res.Poison: +       Res.Corr.  : +   (no helmet)
Res.Elec. : .       Clarity    : .   k - +0 cloak {rCorr, Cons}
Sust.Abil.: . .     Spirit.Shd : .   (no gloves)
Res.Mut.  : .       Stasis     : .   (no boots)
Res.Rott. : +       Flight     : .   h - amulet of faith
Saprovore : . . .                    l - ring of protection from magic
                                     f - ring of regeneration

@: quite resistant to hostile enchantments, extremely unstealthy
A: no food or potions, fire vulnerability, restore body, cold resistance 1, life
protection 3, poison resistance, torment resistance, unbreathing
a: Heroism, Renounce Religion


You were on level 7 of the Dungeon.
You worshipped Okawaru.
Okawaru was aware of your devotion.
You were not hungry.

You visited 2 branches of the dungeon, and saw 8 of its levels.
You also visited: Ossuary.

You collected 277 gold pieces.
You spent 71 gold pieces at shops.

Inventory:

Hand weapons
 a - a +0,+0 mace
 e - a +5,+4 dwarven hand axe (weapon)
 r - a +2,+0 orcish hand axe of chopping
 y - the +6,-1 war axe "Stiy" {pain, rElec}
   (You found it on level 6 of the Dungeon)

   In the hands of one skilled in necromantic magic, it inflicts extra damage on
   living creatures.
   It insulates you from electricity.
Missiles
 m - 4 steel javelins (quivered)
 n - 6 tomahawks
 s - 2 needles of confusion
Armour
 k - a +0 cloak of preservation (worn)
 q - a +1 plate armour (worn)
 v - a +0 orcish shield (worn)
Magical devices
 b - a wand of confusion (7)
 c - a wand of slowing (9)
 t - a wand of confusion (9)
 x - a wand of frost (10)
Scrolls
 g - 7 scrolls of teleportation
 i - 2 scrolls of enchant weapon II
 j - a scroll of enchant weapon I
 o - a scroll of random uselessness
 u - 5 scrolls of remove curse
 z - a scroll of fog
 B - a scroll of fear
Jewellery
 d - an uncursed amulet of conservation
 f - a ring of regeneration (left hand)
 h - an amulet of faith (around neck)
 l - a ring of protection from magic (right hand)
 p - an uncursed ring of magical power
 w - an uncursed ring of protection from cold
 C - an uncursed ring of flight


   Skills:
 + Level 3.3 Fighting
 * Level 8.1 Axes
 - Level 1.5 Maces & Flails
 + Level 3.0 Armour
 + Level 3.3 Shields
 - Level 0.3 Evocations


You had 7 spell levels left.
You didn't know any spells.

Dungeon Overview and Level Annotations

Branches:
Dungeon (7/27)             Temple (1/1) D:5             Orc (0/4) D:6

Altars:
Ashenzari
Cheibriados
Elyvilon
Fedhas
Kikubaaqudgha
Makhleb
Nemelex Xobeh
Okawaru
Sif Muna
Trog
Vehumet
Xom
Yredelemnul
Zin
the Shining One

Shops:
D:5 [   D:6 =

Annotations:
D:2 exclusion: oklob plant


Innate Abilities, Weirdness & Mutations

You do not eat or drink.
Your flesh is vulnerable to fire.
Your flesh is cold resistant.
You are immune to negative energy.
Your system is resistant to poisons.
You are immune to unholy pain and torment.
You can survive without breathing.


Message History

The puff of frost hits the orc warrior.
The orc warrior is severely wounded.
x - a wand of frost {zapped: 1} The orc warrior hits you with an orcish hand axe!
* * * LOW HITPOINT WARNING * * *
Evoke which item? (* to show all) (? for menu, Esc to quit)
That item cannot be evoked!
Evoke which item? (* to show all) (? for menu, Esc to quit)
Zapping:
t - a wand of confusion
Press: ? - help, Shift-Dir - straight line, f/p - orc warrior
Aim: an orc warrior, wielding an orcish hand axe and wearing an orcish plate armour (severely wounded)
The orc warrior resists.
Evoke which item? (* to show all) (? for menu, Esc to quit)
Zapping:
t - a wand of confusion {zapped: 1}
Press: ? - help, Shift-Dir - straight line, f/p - orc warrior
Aim: an orc warrior, wielding an orcish hand axe and wearing an orcish plate armour (severely wounded)
The orc warrior easily resists.
The orc warrior cheers noisily, in orcish tradition.
The orc warrior hits you with an orcish hand axe!
You die...

##....#...###
#........ ##.........#
####...##
#.........####.....#
###...#.....##....##
#....#.....#.....#
#..<####.......###
#.....##.......#
##..o..###...###
#.@)...##.....###
####)..###......#
##.......#......###
##........####.....#
###.....#.....###.....
#.....####....# #.....
##.o..## #.....#####..
##..oo## ###[..##.....
#.....# ########.....


You could see an orc warrior.

Vanquished Creatures
  Eustachio (D:6)
  An orc warrior (D:6)
  A centaur (D:5)
  An ogre (D:4)
  A giant frog (D:4)
  A crimson imp (D:5)
  A goliath beetle (D:6)
  A jelly (D:5)
  2 hounds
  2 big fish (D:2)
  3 orc wizards
  5 orc priests
  4 worker ants
  An iguana (D:6)
  A mummy (Ossuary)
  11 adders
  6 gnolls
  A giant mite (D:3)
  4 worms (D:4)
  3 giant geckos
  24 orcs
  A ball python (D:3)
  14 bats
  4 giant cockroaches
  9 goblins
  5 hobgoblins
  5 jackals
  A quokka (D:6)
  4 giant newts
  8 gnoll skeletons (Ossuary)
  12 kobolds
  7 kobold skeletons (Ossuary)
  10 orc skeletons (Ossuary)
  10 rats
  2 rat zombies (D:6)
  8 toadstools (D:2)
175 creatures vanquished.

Vanquished Creatures (others)
  12 toadstools (D:2)
12 creatures vanquished.

Grand Total: 187 creatures vanquished

Notes
Turn   | Place    | Note
--------------------------------------------------------------
     0 | D:1      | Malachi, the Mummy Fighter, began the quest for the Orb.
     0 | D:1      | Reached XP level 1. HP: 18/18 MP: 0/0
    59 | D:1      | Reached skill level 1 in Axes
   155 | D:1      | Reached XP level 2. HP: 22/24 MP: 1/1
   686 | D:2      | Found a blossoming altar of Fedhas.
   698 | D:2      | Reached XP level 3. HP: 27/30 MP: 2/2
   713 | D:2      | Reached XP level 4. HP: 27/36 MP: 3/3
   721 | D:2      | Noticed an oklob plant
  1118 | D:3      | Found a bloodstained altar of Trog.
  1202 | D:3      | Reached skill level 4 in Axes
  1272 | D:3      | Reached XP level 5. HP: 41/41 MP: 4/4
  1919 | D:4      | Reached skill level 5 in Axes
  1919 | D:4      | Reached XP level 6. HP: 39/48 MP: 5/5
  2431 | D:4      | Noticed an ogre
  2437 | D:4      | Killed an ogre
  2437 | D:4      | Reached skill level 6 in Axes
  2619 | D:5      | Entered Level 5 of the Dungeon
  2677 | D:5      | Reached XP level 7. HP: 53/53 MP: 6/6
  2848 | D:5      | Found Crizaong's Armour Boutique.
  2853 | D:5      | Bought a +0 cloak of preservation for 71 gold pieces
  3146 | D:5      | Reached skill level 7 in Axes
  3392 | D:5      | Found a staircase to the Ecumenical Temple.
  3470 | Temple   | Entered the Ecumenical Temple
  3573 | Temple   | Became a worshipper of Warmaster Okawaru
  3734 | D:6      | Noticed Eustachio
  3768 | D:6      | Killed Eustachio
  3895 | D:6      | Reached XP level 8. HP: 57/60 MP: 7/7
  4063 | D:6      | Acquired Okawaru's first power
  4084 | D:6      | Found a staircase to the Orcish Mines.
  4098 | D:6      | Found a sand-covered staircase.
  4103 | D:6      | Got an ichor-stained war axe
  4106 | D:6      | Identified the +6,-1 war axe "Stiy" {pain, rElec} (You found it on level 6 of the Dungeon)
  4106 | D:6      | Identified the +6,-1 war axe "Stiy" {pain, rElec} (You found it on level 6 of the Dungeon)
  4121 | Ossuary  | Entered an ossuary
  4121 | Ossuary  | Noticed a guardian mummy
  4121 | Ossuary  | Noticed a guardian mummy
  4121 | Ossuary  | Noticed a guardian mummy
  4370 | Ossuary  | Noticed a guardian mummy
  4720 | D:6      | Found Ehot's Jewellery Shoppe.
  4813 | D:6      | Reached skill level 8 in Axes
  5314 | D:7      | Slain by an orc warrior

Action                   |  1- 3 |  4- 6 |  7- 9 || total
-------------------------+-------+-------+-------++-------
Melee: Hand axe          |    53 |   189 |   297 ||   539
Throw: Javelin           |       |     3 |     2 ||     5
Evoke: Wand              |       |       |    11 ||    11
  Use: Scroll            |     6 |     7 |     4 ||    17
 Stab: Confused          |       |       |     2 ||     2
